 Dungeon Crawl Stone Soup version 0.19.4-10-g532645f (webtiles) character file.

74 Magnus the Skirmisher (level 4, -6/37 HPs)
             Began as a Demonspawn Abyssal Knight on Feb 24, 2017.
             Was a Believer of Lugonu.
             Mangled by Natasha (9 damage)
             ... on level 2 of the Dungeon.
             The game lasted 00:02:01 (1435 turns).

Magnus the Skirmisher (Demonspawn Abyssal Knight)   Turns: 1435, Time: 00:02:02

Health: -6/37      AC:  3    Str: 12    XL:     4   Next: 10%
Magic:  5/5        EV: 11    Int: 14    God:    Lugonu [**....]
Gold:   13         SH:  0    Dex: 13    Spells: 0 memorised, 3 levels left

rFire  . . .     SeeInvis .     a - +1 falchion
rCold  . . .     Gourm    .     b - +0 leather armour
rNeg   . . .     Faith    .     (no shield)
rPois  .         Spirit   .     (helmet restricted)
rElec  .         Reflect  .     (no cloak)
rCorr  .         Harm     .     (no gloves)
MR     .....                    (no boots)
Stlth  +.........               (no amulet)
                                (no ring)
                                (no ring)

@: no status effects
A: horns 1, powered by pain 1
a: Depart the Abyss, Bend Space, Renounce Religion


You were on level 2 of the Dungeon.
You worshipped Lugonu.
Lugonu was pleased with you.
You were hungry.

You visited 1 branch of the dungeon, and saw 2 of its levels.
You visited the Abyss 1 time.

You collected 13 gold pieces.

Inventory:

Hand Weapons
 a - a +1 falchion (weapon)
Armour
 b - a +0 leather armour (worn)
Scrolls
 e - a scroll of teleportation {unknown}
 h - a scroll of magic mapping {unknown}
Potions
 d - a potion of haste {unknown}
 g - a potion of heal wounds {unknown}
 i - a potion of curing {unknown}
Comestibles
 c - a bread ration


   Skills:
 + Level 4.2 Fighting
 + Level 2.9 Long Blades
 - Level 1.7 Armour
 - Level 0.8 Dodging
 - Level 2.4 Invocations


You had 3 spell levels left.
You didn't know any spells.

Dungeon Overview and Level Annotations

Branches:
Dungeon (2/15)

Altars:

Annotations:
D:2 Natasha


Innate Abilities, Weirdness & Mutations

You have a pair of small horns on your head.
You sometimes gain a little power by taking damage.


Message History

You closely miss Natasha.
Natasha is heavily wounded.
Natasha claws you!
* * * LOW HITPOINT WARNING * * *
You are too injured to fight recklessly!
You are too injured to fight recklessly!
You are too injured to fight recklessly!
You are too injured to fight recklessly!
You hit Natasha.
Natasha is severely wounded.
Natasha misses you.
You miss Natasha. Your headbutt misses Natasha.
Natasha is severely wounded.
Natasha claws you.
* * * LOW HITPOINT WARNING * * *
Unknown command.
You closely miss Natasha.
Natasha is severely wounded.
Natasha claws you!
You die...

.. .# .# .####.#
##### ##.#....
...# #..>...
####.####..#.##.#
#..h@.<.........#
#.##.###†....##
...# ##.####
.....# #.#####.#
#.#.#.## #.......#
#
#.......†.........
##..####..........
... #.......h..
#..........


You could see Natasha.

Vanquished Creatures
  Natasha (twice) (D:2)
  2 dart slugs (D:1)
  2 ball pythons (D:1)
  3 bats (D:1)
  3 goblins (D:1)
  4 hobgoblins (D:1)
  A frilled lizard (D:1)
  5 kobolds (D:1)
  2 rats (D:1)
24 creatures vanquished.

Notes
Turn   | Place    | Note
-------+----------+-------------------------------------------
     0 | Abyss:1  | Magnus the Demonspawn Abyssal Knight began the quest for the Orb.
     0 | Abyss:1  | Reached XP level 1. HP: 18/18 MP: 2/2
     9 | D:1      | Escaped the Abyss
   298 | D:1      | Gained mutation: You sometimes gain a little power by taking damage. [demonic ancestry]
   298 | D:1      | Reached XP level 2. HP: 24/24 MP: 3/3
  1160 | D:1      | Reached ** piety under Lugonu
  1187 | D:2      | Noticed Natasha
  1193 | D:2      | Killed Natasha
  1193 | D:2      | Reached skill level 4 in Fighting
  1193 | D:2      | Gained mutation: You have a pair of small horns on your head. [demonic ancestry]
  1193 | D:2      | Reached XP level 3. HP: 20/30 MP: 4/4
  1210 | D:2      | Noticed Natasha
  1289 | D:2      | Killed Natasha
  1289 | D:2      | Reached XP level 4. HP: 20/37 MP: 5/5
  1321 | D:2      | Noticed Natasha
  1435 | D:2      | Mangled by Natasha

Skill      XL: |  1  2 |
---------------+-------+-----
Long Blades    | 2 |  2.9
Fighting       | 4 |  4.2
Armour         | |  1.7
Dodging        | |  0.8
Invocations    | |  2.4

Action                   |  1- 3 |  4- 6 || total
-------------------------+-------+-------++-------
Melee: Falchion          |    57 |     7 ||    64
       Headbutt          |     1 |     1 ||     2
 Stab: Sleeping          |     1 |       ||     1
  Eat: Chunk             |     1 |       ||     1
Armor: Leather armour    |    17 |     1 ||    18
Dodge: Dodged            |    39 |     1 ||    40
       Rpst.: Falchion   |    12 |       ||    12
